 Dungeon Crawl Stone Soup version 0.28-a0-691-gad6df49e81 (webtiles) character file.

Game seed: 10059900507604808431

233 miscthings the Magician (level 6, -1/40 HPs)
             Began as a Djinni Conjurer on Oct 21, 2021.
             Slain by Grinder (3 damage)
             ... on level 3 of the Dungeon.
             The game lasted 00:05:48 (3559 turns).

miscthings the Magician (Djinni Conjurer)           Turns: 3559, Time: 00:05:48

Health: -1/40      AC:  2    Str:  6    XL:     6   Next: 25%
Gold:   174        EV: 11    Int: 22    God:
                   SH:  3    Dex: 11

rFire   + + .      SeeInvis .   f - +1 dagger (speed)
rCold   x . .      Faith    .   k - +0 buckler
rNeg    . . .      Spirit   .   a - +0 robe
rPois   ∞          Reflect  .   (no helmet)
rElec   .          Harm     .   (no cloak)
rCorr   .          Rampage  .   (no gloves)
Will    .....                   (boots unavailable)
Stlth   ++........              (no amulet)
HPRegen 0.13/turn               (no ring)
MPRegen 0.00/turn               (no ring)

@: mighty, flying
A: sickness immunity, fire resistance 2, cold vulnerability 1, float, innate
caster, hp casting, extra vitality 1
a: no special abilities


You were on level 3 of the Dungeon.
You visited 1 branch of the dungeon, and saw 3 of its levels.

You collected 174 gold pieces.

Inventory:

Hand Weapons
 f - a +1 dagger of speed (weapon)
Armour
 a - a +0 robe (worn)
 k - a +0 buckler (worn)
Jewellery
 i - a ring of fire
Scrolls
 b - a scroll of identify {@r1}
 d - a scroll of vulnerability {unknown}
 e - a scroll of fear {unknown}
 g - a scroll of silence {unknown}
 h - a scroll of enchant weapon {unknown}
 m - a scroll of amnesia {unknown}
 o - a scroll of fog
 p - a scroll of blinking {unknown}
Potions
 c - a potion of invisibility {unknown}
 j - 2 potions of berserk rage
 l - a potion of haste {unknown}
 n - a potion of cancellation {unknown}
 q - a potion of might
 r - a potion of mutation {unknown}


   Skills:
 - Level 2.1 Dodging
 - Level 1.5 Stealth
 + Level 5.5 Spellcasting


You couldn't memorise any spells.
You knew the following spells:

 Your Spells              Type           Power      Damage    Failure   Level
a - Searing Ray           Conj           60%        2d6       2%          2
b - Magic Dart            Conj           100%       1d8       1%          1
c - Dazzling Flash        Conj/Hex       60%        N/A       4%          3
d - Fulminant Prism       Conj/Hex       15%        3d11      16%         4
e - Iskenderun's Mystic   Conj/Tloc      30%        2d8       16%         4
f - Pain                  Necr           100%       1d9       1%          1
g - Corpse Rot            Necr/Air       60%        N/A       2%          2
Your spell library was empty.

Dungeon Overview and Level Annotations

Branches:
Dungeon (3/15)

Altars:
Cheibriados
Kikubaaqudgha
Qazlal
Uskayaw
Wu Jian
Yredelemnul
Zin

Annotations:
D:3 Grinder


Innate Abilities, Weirdness & Mutations

You are immune to sickness and miasma.
You are immune to poison.
Your flesh is very heat resistant. (rF++)
You are vulnerable to cold. (rC-)
You float through the air rather than walking.
You learn spells naturally, not from books.
Your magical power is your life essence.
You have superior vitality. (+4 HP)


Message History

Aim: Grinder (77% to hit)
The searing ray hits Grinder.
Grinder is lightly wounded. (Press . to maintain the ray.)
The searing ray hits Grinder.
Grinder is lightly wounded.
Grinder hits you.
You writhe in agony.
The searing ray hits Grinder.
Grinder is moderately wounded.
* * * LOW HITPOINT WARNING * * *
Grinder hits you but does no damage.
The searing ray misses Grinder.
* * * LOW HITPOINT WARNING * * *
You finish channelling your searing ray.
Grinder gestures at you. You resist with some effort. Grinder gestures at you.
You suddenly lose the ability to move!
You can move again.
Unknown command.
As you read the scroll labelled HATEYSH KYADE, it crumbles to dust.
It is a scroll of identify.
j - 2 potions of berserk rage You block Grinder's attack.
Grinder gestures at you. Pain shoots through your body!
* * * LOW HITPOINT WARNING * * *
As you read the scroll labelled YSE TOFOXTUMN, it crumbles to dust.
The scroll dissolves into smoke.
It was a scroll of fog.
There is an open door here.
Grinder says, "FISH!"
Grinder blinks!
Grinder hits you!
* * * LOW HITPOINT WARNING * * *
You writhe in agony.
* * * LOW HITPOINT WARNING * * *
It was a potion of might.
You feel very mighty all of a sudden. Grinder hits you.
You die...

##### #............## #...##
#.............. . #.#..#
#..≈≈≈≈≈.≈≈≈≈≈≈ . #
....#####..≈.....≈..... #
#.####..>.......≈.≈≈≈≈≈.≈≈≈. #
#....#.#........≈.≈...≈.≈_≈.
#.#######§'...##.##..≈.≈.≈.≈.≈.≈.
#....#§§§§#....5.##).≈.≈_≈.≈...≈.
####.#§####....#@.)..≈.≈≈≈.≈≈≈≈≈.
...#.#§#.......#.....≈.....≈....)
##.#...#.#....#####..≈≈≈≈≈≈≈.≈≈≈≈
#.#####.######## #.)............
#.......##_.#._# #.......##.#.##
###########.....# #.......##...##
............§§.## +.......'......
#########.#.....# #.......######.
#.#_.#._# #........# #.


You could see Grinder.

Vanquished Creatures
  A hound (D:3)
  A jelly (D:3)
  2 orc priests (D:3)
  2 adders
  An ufetubus (D:3)
  A worm (D:3)
  4 dart slugs
  4 orcs (D:3)
  6 endoplasms
  3 giant cockroaches
  9 goblins
  9 hobgoblins
  5 jackals (D:2)
  6 kobolds
  6 ball pythons
  5 bats
  4 frilled lizards
  8 rats
77 creatures vanquished.

Notes
Turn   | Place    | Note
-------+----------+-------------------------------------------
     0 | D:1      | miscthings the Djinni Conjurer began the quest for the Orb.
     0 | D:1      | Reached XP level 1. HP: 15/15 MP: 0/0
   300 | D:1      | Reached XP level 2. HP: 15/21 MP: 0/0
   852 | D:1      | Reached XP level 3. HP: 19/25 MP: 0/0
   852 | D:1      | Learned a level 1 spell: Pain
  1157 | D:2      | Reached skill level 4 in Spellcasting
  1427 | D:2      | Reached XP level 4. HP: 19/31 MP: 0/0
  1686 | D:2      | Found a faded altar of an unknown god.
  2098 | D:3      | Reached XP level 5. HP: 5/35 MP: 0/0
  2098 | D:3      | Learned a level 2 spell: Corpse Rot
  2402 | D:3      | Found a stormy altar of Qazlal.
  2627 | D:3      | Reached skill level 5 in Spellcasting
  2721 | D:3      | Found a hide-covered altar of Uskayaw.
  2951 | D:3      | Reached XP level 6. HP: 27/40 MP: 0/0
  3406 | D:3      | Found a basalt altar of Yredelemnul.
  3408 | D:3      | Found an ornate altar of the Wu Jian Council.
  3408 | D:3      | Found a snail-covered altar of Cheibriados.
  3409 | D:3      | Found a glowing silver altar of Zin.
  3466 | D:3      | Noticed Grinder
  3542 | D:3      | Paralysed by Grinder for 2 turns
  3555 | D:3      | HP: 1/40 [Grinder (3)]
  3559 | D:3      | Slain by Grinder

Illustrated notes

Levels and vault maps discovered:
D:1:      dpeg_arrival_windows_large_door, layout_basic
D:2:      layout_rooms, chequers_ecumenical_altar_grove, minmay_pentomino_w4
D:3:      layout_basic, mainiacjoe_overflow_catwalk_spiral,
          nicolae_kikubaaqudgha_miasma_corner, mainiacjoe_overflow_alcove_3,
          roderic_filled_cross, uniq_grinder

Skill      XL: |  1  2  3  4  5 |
---------------+----------------+-----
Spellcasting   | 4 5 |  5.5
Dodging        | |  2.1
Stealth        | |  1.5

Action                   |  1- 3 |  4- 6 || total
-------------------------+-------+-------++-------
Melee: Dagger            |       |     3 ||     3
 Cast: Magic Dart        |    18 |    28 ||    46
       Searing Ray       |    18 |    31 ||    49
  Use: Scroll            |       |     2 ||     2
       Potion            |       |     1 ||     1
Armor: Robe              |     3 |     5 ||     8
Dodge: Dodged            |     7 |    25 ||    32
Block: Buckler           |       |     5 ||     5

Table legend: (Time is in decaauts)
 A = Elapsed time spent in this place.
 B = Non-inter-level travel time spent in this place.
 C = Inter-level travel time spent in this place.
 D = Time resting spent in this place.
 E = Time spent auto-exploring this place.
 F = Levels seen in this place.
 G = Mean time per level.
                   A        B        C        D        E       F      G
               +--------+--------+--------+--------+--------+-----+--------+
         Total |   3558 |   3500 |     58 |   1663 |   1395 |   3 | 1186.0 |
       Dungeon |   3558 |   3500 |     58 |   1663 |   1395 |   3 | 1186.0 |
               +--------+--------+--------+--------+--------+-----+--------+

Top non-repeatable levels by time:
     D:3: 1217 daAuts
     D:2: 1190 daAuts
     D:1: 1150 daAuts
